Map: Kairos Junction LE

Players

Mez

  • Race: Protoss Protoss
  • League: Master
  • Spawn Location: 11:00

DrDisrespect - Winner!

  • Race: Terran Terran
  • League: Master
  • Spawn Location: 5:00

VOD

Have the link to the VOD?

Description

Time

  • Played on: July 29, 2019, 4:53 a.m.
  • Length: 7:54
Show
View Real Time Build Order
Export as new Build Order

Mez Protoss 

Build Orders: 1 Gate Expand 

Get SALT Encoding   

  12  0:00  Probe  
  13  0:13  Probe  
  14  0:20  Pylon  
  14  0:25  Probe  
  15  0:41  Probe  
  15  0:42  Gateway  
  16  0:49  Assimilator  
  16  0:53  Probe  
  17  1:05  Probe  
  18  1:20  Nexus  
  18  1:24  Probe  
  19  1:35  Cybernetics Core  
  19  1:38  Probe  
  20  1:44  Pylon  
  20  2:02  Probe  
  20  2:04  Stalker  
  20  2:07  Assimilator  
  21  2:14  Warp Gate  
  23  2:18  Probe  
  24  2:33  Stalker  
  25  2:39  Probe x2  
  27  2:51  Probe x2  
  29  3:03  Probe  
  29  3:04  Probe  
  31  3:13  Gateway  
  31  3:23  Stalker  
  31  3:26  Gateway  
  34  3:27  Probe x2  
  35  3:40  Pylon  
  35  3:41  Probe x2  
  35  3:46  Twilight Council  
  37  3:49  Probe  
  37  3:52  Probe  
  38  3:59  Probe  
  40  4:04  Probe  
  40  4:07  Blink  
  41  4:10  Assimilator  
  41  4:11  Probe  
  41  4:16  Probe  
  41  4:17  Stalker x2  
  45  4:22  Stalker  
  45  4:23  Probe  
  50  4:28  Probe  
  51  4:35  Probe  
  51  4:36  Probe  
  52  4:45  Probe  
  48  4:47  Probe  
  46  4:59  Probe  
  45  5:00  Probe  
  46  5:10  Probe x2  
  46  5:11  Pylon  
  46  5:13  Nexus  
  48  5:16  Pylon  
  48  5:18  Probe x2  
  48  5:26  Probe x2  
  50  5:29  Pylon  
  50  5:34  Probe  
  52  5:38  Probe  
  54  5:47  Stalker x3  
  60  5:50  Probe  
  61  6:11  Gateway  
  61  6:13  Gateway  
  61  6:14  Gateway  
  61  6:17  Gateway  
  60  6:19  Probe x2, Gateway  
  62  6:31  Probe  
  59  6:41  Zealot x3  
  41  7:07  Stalker x4  
  41  7:08  Stalker x2  
  38  7:28  Stalker x2  
  42  7:31  Stalker x3  
Show
View Real Time Build Order
Export as new Build Order

DrDisrespect Terran - Winner!

Build Orders: Reaper Expand 

Get SALT Encoding   

  12  0:00  SCV  
  13  0:12  SCV  
  14  0:18  Supply Depot  
  14  0:25  SCV  
  15  0:40  SCV  
  15  0:42  Barracks  
  16  0:45  Refinery  
  16  0:52  SCV  
  17  1:04  SCV  
  18  1:16  SCV  
  19  1:28  Orbital Command  
  19  1:29  Reaper  
  20  1:49  Command Center  
  20  1:57  SCV  
  21  2:01  Marine  
  22  2:09  Factory, Refinery  
  22  2:11  SCV  
  23  2:17  Supply Depot  
  23  2:23  Barracks Reactor  
  23  2:39  SCV  
  24  2:51  SCV  
  25  2:53  Starport  
  25  3:03  SCV  
  25  3:05  Orbital Command  
  26  3:07  Hellion x2, Barracks Tech Lab  
  30  3:14  Bunker  
  30  3:15  SCV  
  31  3:29  Hellion x2, Medivac  
  37  3:37  SCV x2  
  37  3:39  Supply Depot  
  38  3:49  SCV  
  38  3:55  SCV  
  40  4:01  SCV  
  41  4:07  Marine, Starport Tech Lab  
  41  4:08  Stimpack, SCV  
  41  4:09  Barracks  
  43  4:13  SCV, Supply Depot  
  43  4:14  Barracks  
  44  4:22  SCV  
  45  4:24  Factory Reactor  
  45  4:25  Raven, Marine  
  44  4:59  Marine  
  42  5:00  Marine, Marauder  
  42  5:01  Widow Mine, SCV x2  
  42  5:02  Widow Mine  
  50  5:08  Engineering Bay  
  50  5:13  SCV x2  
  50  5:14  Refinery  
  52  5:15  Refinery  
  52  5:17  Starport Reactor  
  52  5:18  Marine x2  
  52  5:19  Marauder  
  56  5:22  Marauder  
  56  5:25  SCV x2  
  56  5:27  Widow Mine  
  62  5:30  Supply Depot  
  62  5:37  Terran Infantry Weapons Level 1  
  62  5:41  Supply Depot  
  62  5:45  Widow Mine, SCV x2, Marine x2, Marauder  
  70  5:52  Marauder  
  72  6:01  Barracks x2  
  72  6:03  Marine  
  73  6:05  Combat Shield  
  73  6:12  Marine x2  
  73  6:13  Command Center  
  73  6:16  Marauder  
  73  6:17  SCV  
  78  6:20  Widow Mine x2, SCV  
  78  6:22  Supply Depot  
  78  6:24  Marine  
  84  6:30  SCV  
  84  6:31  Supply Depot  
  77  6:52  Marine x2  
  77  6:53  Barracks Reactor, Marauder x2, Barracks Tech Lab  
  76  7:18  Medivac x2  
  76  7:20  Marine x2  
  76  7:21  Marauder x2  
  76  7:22  SCV x2, Marauder  
  87  7:33  Marine x2  
  87  7:34  SCV  
Tags
 
Add a new tag
Caveats
  • Supply blocks, unpowered buildings, or Contaminate may cause inaccurate times.
  • Supply counts are checked every 10 seconds.